 Dungeon Crawl Stone Soup version 0.16-a0-393-g278d215 (webtiles) character file.

74 Misa the Bolt Thrower (level 4, -3/36 HPs)
             Began as a Centaur Hunter on Sept 14, 2014.
             Killed from afar by an orc wizard (8 damage)
             ... with a puff of frost
             ... on Level 3 of the Dungeon.
             The game lasted 00:06:23 (1567 turns).

Misa the Bolt Thrower (Centaur Hunter)              Turns: 1567, Time: 00:06:23

HP  -3/36        AC  5     Str 15      XL: 4   Next:  9%
MP   3/3         EV  6     Int 10      God:
Gold 102         SH  6     Dex 10      Spells:  0 memorised,  3 levels left

rFire  . . .     SeeInvis .     i - +4 short sword (drain)
rCold  . . .     Clarity  .     d - +0 leather armour
rNeg   . . .     rCorr    .     k - +0 shield
rPois  .         rRot     .     (no helmet)
rElec  .         Spirit   .     u - +0 cloak
SustAb .         Warding  .     (no gloves)
rMut   .         Stasis   .     (no barding)
Gourm  .                        (no amulet)
MR     .....                    (no ring)
                                (no ring)

@: very quick, not resistant to hostile enchantments, very unstealthy
A: hooves 3, deformed body, speed 2, tough skin 3
a: no special abilities


You were on level 3 of the Dungeon.
You were not hungry.

You visited 1 branch of the dungeon, and saw 3 of its levels.

You collected 102 gold pieces.

Inventory:

Hand weapons
 b - a +1 hand crossbow
 i - a +4 short sword of draining (weapon)
 n - a +0 spear (quivered)
Missiles
 c - 28 bolts
Armour
 d - a +0 leather armour (worn)
 k - a +0 shield (worn)
 u - a +0 cloak (worn)
Comestibles
 a - a royal jelly
 f - 3 bread rations
 g - a meat ration
 m - a rotting chunk of worm flesh
 v - a rotting chunk of bat flesh
 w - a chunk of rat flesh
 x - 3 chunks of hobgoblin flesh
 z - a chunk of worm flesh
Scrolls
 h - 2 scrolls of noise {unknown}
 j - a scroll of recharging {unknown}
 l - a scroll of identify {unknown}
 o - 3 scrolls of enchant weapon {unknown}
 s - a scroll of blinking {unknown}
 t - a scroll of amnesia {unknown}
 y - a scroll of fog {unknown}
Potions
 e - a potion of mutation {unknown}
 p - a potion of confusion {unknown}
 q - a potion of curing {unknown}


   Skills:
 + Level 2.2 Fighting
 + Level 1.2 Short Blades
 + Level 4.8 Crossbows
 + Level 2.1 Dodging
 - Level 0.5 Stealth


You had 3 spell levels left.
You didn't know any spells.

Dungeon Overview and Level Annotations

Branches:
Dungeon (3/15)

Altars:
Dithmenos
Elyvilon


Innate Abilities, Weirdness & Mutations

You have hooves in place of feet.
Armour fits poorly on your strangely shaped body.
You cover ground very quickly.
You have extremely tough skin (AC +3).


Message History

The orc hits you with a whip.
Wield which item (- for none, * to show all)? (? for menu, Esc to quit)
You sense an unholy aura.
i - a +4 short sword of draining (weapon)
You hit the orc wizard. Your kick misses the orc wizard.
The orc wizard is almost dead.
The orc wizard hits you with a dagger. You block the orc's attack.
The orc wizard hits you with a dagger.
You barely miss the orc wizard.
The orc wizard is almost dead.
The orc wizard hits you with a dagger.
The orc suddenly curses.
You block the orc's attack. The orc wizard hits you with a dagger.
The orc wizard points at you and mumbles some strange words.
The puff of frost hits you!
* * * LOW HITPOINT WARNING * * *
You block the orc's attack.
The orc wizard gestures at you while chanting.
The puff of frost hits you!
You die...

#..# #..# ######.<###
#..# # ...........#
#..# ##.
######..#.###..#####
.[(. #..#._.........
###((####
#..#####..#####
#..(....# #.........#
#.....o.###...####.##
#.....o.@.....####.#
.......o.#.#........#
#.......#.#.#.######
#.......#.#.#.#
#.......##...##
##########.## #.# #.#
#.#


You could see 2 orc wizards and an orc.

Vanquished Creatures
  An adder (D:2)
  2 worms (D:2)
  2 giant geckos
  2 oozes
  2 giant cockroaches
  9 goblins
  2 hobgoblins (D:2)
  2 jackals (D:1)
  A ball python (D:2)
  11 bats
  2 giant newts (D:1)
  4 kobolds
  11 rats
51 creatures vanquished.

Notes
Turn   | Place    | Note
--------------------------------------------------------------
     0 | D:1      | Misa, the Centaur Hunter, began the quest for the Orb.
     0 | D:1      | Reached XP level 1. HP: 16/16 MP: 1/1
    95 | D:1      | Reached XP level 2. HP: 21/23 MP: 2/2
   578 | D:1      | Reached XP level 3. HP: 20/29 MP: 3/3
   954 | D:2      | Found a shadowy altar of Dithmenos.
  1080 | D:2      | Reached skill level 1 in Short Blades
  1466 | D:2      | Reached XP level 4. HP: 36/36 MP: 3/3
  1531 | D:3      | Found a white marble altar of Elyvilon.
  1567 | D:3      | Killed from afar by an orc wizard

Action                   |  1- 3 |  4- 6 || total
-------------------------+-------+-------++-------
Melee: Short sword       |    95 |     4 ||    99
 Fire: Hand crossbow     |     4 |     5 ||     9
  Eat: Chunk             |     1 |       ||     1
